[ AOE2 MATCH · #505704773 ]
UnrankedTatars vs Franks
Player's team · WIN
Rival team · LOSS
[ REPLAY ANALYSIS · EXTRACTED FROM THE RECORDED GAME ]
Feudal
9:38
Castle
21:19
Imperial
38:57
| APM avg | 81.2 |
| APM peak | 193 |
| eAPM avg | 45.4 |
| Villagers / military | 94 / 128 |
Focus
⚔️ 46.9% · 🌾 53.1%
Scout Cavalry ×52 · Camel Scout ×33 · Archer ×15 · Knight ×14 · Trebuchet (Packed) ×4 · Monk ×2
Feudal
11:25
Castle
21:09
Imperial
42:55
| APM avg | 28.3 |
| APM peak | 70 |
| eAPM avg | 17.5 |
| Villagers / military | 122 / 159 |
Focus
⚔️ 25.0% · 🌾 75.0%
Spearman ×109 · Knight ×37 · Trebuchet (Packed) ×8 · Battering Ram ×3 · Monk ×2
Match map
Initial resources + every placement click. Lines = walls · curves = elevation contours. ◆ gold · ⬟ stone · ● berries · ✦ relic · ◌ wall gap
Your base· ✓ Closed at 21:19 · 71t walls · no gate
papatheocari's base· ✓ Closed at 21:09 · 29t walls · 1 gate(s)
Smoothed initial terrain · ◌ = detected wall gap · hover for details
Inputs per minute
— OaRMäR - - papatheocari
Build order — OaRMäR
First 150 of 418 actions detected
| 0:00 | Queue | Villager (Male) |
| 0:00 | Queue | Villager (Male) |
| 0:01 | Queue | Villager (Male) |
| 0:02 | Build | House |
| 0:03 | Build | House |
| 0:27 | Queue | Villager (Male) |
| 1:23 | Queue | Villager (Male) |
| 1:48 | Build | Lumber Camp |
| 1:48 | Queue | Villager (Male) |
| 2:24 | Queue | Villager (Male) |
| 2:51 | Queue | Villager (Male) |
| 3:02 | Queue | Villager (Male) |
| 3:26 | Queue | Villager (Male) |
| 3:36 | Build | House |
| 4:05 | Queue | Villager (Male) |
| 4:22 | Build | Mill |
| 4:42 | Queue | Villager (Male) |
| 4:42 | Queue | Villager (Male) |
| 5:04 | Queue | Villager (Male) |
| 5:38 | Queue | Villager (Male) |
| 5:46 | Build | House |
| 5:47 | Build | Palisade Wall |
| 6:05 | Queue | Villager (Male) |
| 6:31 | Build | Farm |
| 6:36 | Queue | Villager (Male) |
| 6:37 | Queue | Villager (Male) |
| 6:40 | Research | Loom |
| 7:11 | Build | Palisade Wall |
| 7:28 | Research | Feudal Age |
| 7:59 | Build | Barracks |
| 8:33 | Build | House |
| 8:50 | Build | Palisade Wall |
| 8:55 | Queue | Villager (Male) |
| 9:01 | Build | Palisade Wall |
| 9:05 | Build | Palisade Wall |
| 9:12 | Build | Farm |
| 9:38 | Age | Feudal Age |
| 9:39 | Build | Stable |
| 9:50 | Queue | Villager (Male) |
| 10:01 | Research | Double-Bit Axe |
| 10:10 | Queue | Villager (Male) |
| 10:10 | Queue | Villager (Male) |
| 10:14 | Build | House |
| 10:25 | Queue | Spearman |
| 10:34 | Queue | Scout Cavalry |
| 10:34 | Queue | Scout Cavalry |
| 10:39 | Build | House |
| 10:41 | Queue | Villager (Male) |
| 10:54 | Build | Palisade Wall |
| 11:12 | Build | House |
| 11:29 | Build | Palisade Wall |
| 11:30 | Queue | Villager (Male) |
| 11:32 | Build | Farm |
| 11:46 | Queue | Scout Cavalry |
| 11:53 | Build | Palisade Wall |
| 11:57 | Queue | Villager (Male) |
| 11:59 | Build | Farm |
| 12:00 | Queue | Villager (Male) |
| 12:15 | Queue | Villager (Male) |
| 12:28 | Build | Farm |
| 12:48 | Queue | Villager (Male) |
| 12:50 | Build | Farm |
| 12:54 | Build | Palisade Wall |
| 13:15 | Queue | Villager (Male) |
| 13:18 | Build | Farm |
| 13:19 | Build | Farm |
| 13:39 | Queue | Villager (Male) |
| 13:58 | Build | Farm |
| 14:08 | Queue | Villager (Male) |
| 14:23 | Build | Palisade Wall |
| 14:28 | Queue | Villager (Male) |
| 14:30 | Build | Farm |
| 15:13 | Queue | Villager (Male) |
| 15:19 | Build | Mining Camp |
| 15:23 | Build | Palisade Wall |
| 15:24 | Queue | Villager (Male) |
| 15:26 | Build | Farm |
| 15:28 | Research | Man-at-Arms (upgrade) |
| 15:28 | Research | Man-at-Arms (upgrade) |
| 15:44 | Build | Lumber Camp |
| 16:07 | Queue | Villager (Male) |
| 16:17 | Build | Mining Camp |
| 16:24 | Build | Palisade Wall |
| 16:54 | Queue | Villager (Male) |
| 17:00 | Build | Market |
| 17:21 | Build | Watch Tower |
| 17:24 | Build | Palisade Wall |
| 17:25 | Build | Palisade Wall |
| 17:26 | Build | Palisade Wall |
| 17:27 | Build | Palisade Wall |
| 17:29 | Queue | Villager (Male) |
| 17:35 | Build | Blacksmith |
| 17:58 | Queue | Villager (Male) |
| 18:20 | Build | Watch Tower |
| 18:25 | Build | Palisade Wall |
| 18:26 | Build | Palisade Wall |
| 18:26 | Build | Palisade Wall |
| 18:27 | Build | Palisade Wall |
| 18:33 | Queue | Villager (Male) |
| 18:39 | Research | Castle Age |
| 18:39 | Research | Castle Age |
| 18:50 | Build | Stable |
| 18:57 | Research | Fletching |
| 18:58 | Research | Fletching |
| 19:02 | Research | Gold Mining |
| 19:02 | Research | Gold Mining |
| 19:25 | Build | Lumber Camp |
| 19:47 | Queue | Villager (Male) |
| 19:52 | Build | Farm |
| 20:08 | Build | Watch Tower |
| 20:10 | Build | Palisade Wall |
| 20:10 | Build | Palisade Wall |
| 20:11 | Build | Palisade Wall |
| 20:19 | Queue | Militia |
| 20:19 | Queue | Militia |
| 20:26 | Research | Scale Mail Armor |
| 20:26 | Research | Scale Mail Armor |
| 20:46 | Build | Farm |
| 20:47 | Build | Farm |
| 20:48 | Build | Farm |
| 20:51 | Research | Bloodlines |
| 20:51 | Research | Bloodlines |
| 21:10 | Build | Farm |
| 21:12 | Build | Farm |
| 21:17 | Build | Farm |
| 21:18 | Build | Farm |
| 21:19 | Age | Castle Age |
| 21:21 | Build | Farm |
| 21:22 | Queue | Knight |
| 21:46 | Research | Bodkin Arrow |
| 21:55 | Build | Watch Tower |
| 22:03 | Build | Palisade Wall |
| 22:04 | Build | Palisade Wall |
| 22:04 | Build | Palisade Wall |
| 22:09 | Queue | Villager (Male) |
| 22:10 | Queue | Knight |
| 22:16 | Build | House |
| 22:44 | Queue | Knight |
| 22:45 | Queue | Knight |
| 22:55 | Build | House |
| 22:57 | Queue | Knight |
| 22:57 | Queue | Knight |
| 23:22 | Queue | Villager (Male) |
| 23:23 | Queue | Villager (Male) |
| 23:25 | Build | Farm |
| 24:16 | Build | Watch Tower |
| 24:34 | Queue | Knight |
| 24:34 | Queue | Knight |
| 24:35 | Queue | Knight |
| 24:49 | Queue | Knight |
Build order — papatheocari
First 150 of 316 actions detected
| 0:01 | Queue | Villager (Male) |
| 0:02 | Queue | Villager (Male) |
| 0:02 | Queue | Villager (Male) |
| 0:02 | Queue | Villager (Male) |
| 0:03 | Build | House |
| 0:06 | Build | House |
| 1:23 | Build | Mill |
| 1:45 | Queue | Villager (Male) |
| 2:03 | Research | Loom |
| 2:09 | Queue | Villager (Male) |
| 2:35 | Queue | Villager (Male) |
| 2:35 | Queue | Villager (Male) |
| 2:50 | Queue | Villager (Male) |
| 2:50 | Queue | Villager (Male) |
| 3:07 | Queue | Villager (Male) |
| 3:07 | Queue | Villager (Male) |
| 3:36 | Queue | Villager (Male) |
| 3:36 | Queue | Villager (Male) |
| 3:59 | Build | House |
| 4:11 | Queue | Villager (Male) |
| 4:11 | Queue | Villager (Male) |
| 4:12 | Queue | Villager (Male) |
| 4:43 | Queue | Villager (Male) |
| 5:08 | Queue | Villager (Male) |
| 5:28 | Queue | Villager (Male) |
| 5:42 | Queue | Villager (Male) |
| 5:42 | Queue | Villager (Male) |
| 5:42 | Queue | Villager (Male) |
| 5:42 | Queue | Villager (Male) |
| 5:43 | Queue | Villager (Male) |
| 5:53 | Queue | Villager (Male) |
| 5:59 | Build | House |
| 7:58 | Build | Lumber Camp |
| 8:39 | Queue | Villager (Male) |
| 9:00 | Build | Mining Camp |
| 9:03 | Research | Feudal Age |
| 9:41 | Build | Palisade Wall |
| 9:57 | Build | Palisade Wall |
| 10:01 | Queue | Villager (Male) |
| 10:16 | Build | House |
| 10:20 | Build | Palisade Wall |
| 10:25 | Build | Barracks |
| 10:29 | Build | Palisade Wall |
| 10:32 | Queue | Villager (Male) |
| 10:33 | Queue | Villager (Male) |
| 10:42 | Queue | Villager (Male) |
| 11:25 | Age | Feudal Age |
| 11:26 | Build | Palisade Gate |
| 11:29 | Build | House |
| 11:32 | Queue | Villager (Male) |
| 11:32 | Queue | Villager (Male) |
| 11:40 | Build | Blacksmith |
| 11:44 | Queue | Villager (Male) |
| 11:50 | Research | Double-Bit Axe |
| 12:02 | Queue | Spearman |
| 12:02 | Queue | Spearman |
| 12:39 | Queue | Spearman |
| 12:39 | Queue | Spearman |
| 13:50 | Build | House |
| 13:51 | Build | House |
| 13:52 | Build | House |
| 13:53 | Build | House |
| 13:54 | Build | House |
| 13:56 | Build | House |
| 13:58 | Build | House |
| 13:59 | Build | House |
| 14:20 | Build | Farm |
| 14:24 | Build | Farm |
| 14:26 | Build | Farm |
| 14:30 | Build | Farm |
| 14:33 | Build | Farm |
| 14:36 | Build | Farm |
| 14:39 | Build | Farm |
| 14:43 | Build | Farm |
| 15:10 | Build | Farm |
| 15:13 | Build | Farm |
| 15:34 | Queue | Villager (Male) |
| 15:34 | Queue | Villager (Male) |
| 15:38 | Build | Farm |
| 15:43 | Build | Farm |
| 15:48 | Build | Farm |
| 15:51 | Build | Farm |
| 15:59 | Queue | Villager (Male) |
| 15:59 | Queue | Villager (Male) |
| 16:14 | Build | Farm |
| 16:17 | Build | Farm |
| 16:18 | Queue | Villager (Male) |
| 16:37 | Queue | Villager (Male) |
| 16:54 | Queue | Villager (Male) |
| 16:54 | Queue | Villager (Male) |
| 17:06 | Build | Market |
| 17:50 | Queue | Villager (Male) |
| 17:57 | Build | Farm |
| 18:08 | Build | Palisade Wall |
| 18:15 | Build | House |
| 18:22 | Research | Castle Age |
| 18:52 | Build | House |
| 18:53 | Build | House |
| 18:54 | Build | House |
| 18:55 | Build | House |
| 18:58 | Build | House |
| 19:01 | Queue | Villager (Male) |
| 19:01 | Queue | Villager (Male) |
| 19:07 | Build | Stable |
| 19:36 | Queue | Villager (Male) |
| 19:50 | Build | Lumber Camp |
| 20:28 | Build | Palisade Wall |
| 20:30 | Queue | Villager (Male) |
| 20:53 | Build | Stable |
| 20:55 | Queue | Villager (Male) |
| 21:05 | Build | House |
| 21:07 | Build | House |
| 21:09 | Age | Castle Age |
| 21:14 | Queue | Knight |
| 21:14 | Queue | Knight |
| 21:22 | Research | Forging |
| 21:22 | Research | Forging |
| 21:30 | Research | Bow Saw |
| 21:38 | Queue | Knight |
| 21:38 | Queue | Knight |
| 21:39 | Queue | Knight |
| 21:41 | Queue | Knight |
| 21:42 | Queue | Knight |
| 21:45 | Queue | Knight |
| 21:59 | Build | Farm |
| 22:01 | Queue | Villager (Male) |
| 22:25 | Build | Farm |
| 22:33 | Queue | Knight |
| 22:33 | Queue | Knight |
| 22:58 | Build | Town Center |
| 23:10 | Queue | Villager (Male) |
| 23:11 | Queue | Villager (Male) |
| 23:25 | Queue | Knight |
| 23:36 | Build | House |
| 23:41 | Queue | Villager (Male) |
| 24:11 | Build | Town Center |
| 24:18 | Queue | Villager (Male) |
| 24:18 | Queue | Villager (Male) |
| 24:18 | Queue | Villager (Male) |
| 24:18 | Queue | Villager (Male) |
| 24:18 | Queue | Villager (Male) |
| 24:18 | Queue | Villager (Male) |
| 24:19 | Queue | Villager (Male) |
| 24:19 | Queue | Villager (Male) |
| 24:19 | Queue | Villager (Male) |
| 24:19 | Queue | Villager (Male) |
| 24:19 | Queue | Villager (Male) |
| 24:50 | Queue | Villager (Male) |
| 24:50 | Queue | Villager (Male) |
| 24:50 | Queue | Villager (Male) |
Match timeline
| 5:47 | OaRMäR · wall_segment Palisade Wall x5 |
| 7:11 | OaRMäR · wall_segment Palisade Wall x13 |
| 7:59 | OaRMäR · first_building Barracks |
| 8:50 | OaRMäR · wall_segment Palisade Wall x7 |
| 9:01 | OaRMäR · wall_segment Palisade Wall x9 |
| 9:05 | OaRMäR · wall_segment Palisade Wall x1 |
| 9:38 | OaRMäR · age_up feudal |
| 9:39 | OaRMäR · first_building Stable |
| 9:41 | papatheocari · wall_segment Palisade Wall x11 |
| 9:57 | papatheocari · wall_segment Palisade Wall x9 |
| 10:20 | papatheocari · wall_segment Palisade Wall x1 |
| 10:25 | papatheocari · first_building Barracks |
| 10:29 | papatheocari · wall_segment Palisade Wall x1 |
| 10:54 | OaRMäR · wall_segment Palisade Wall x1 |
| 11:25 | papatheocari · age_up feudal |
| 11:29 | OaRMäR · wall_segment Palisade Wall x5 |
| 11:53 | OaRMäR · wall_segment Palisade Wall x6 |
| 12:54 | OaRMäR · wall_segment Palisade Wall x12 |
| 14:23 | OaRMäR · wall_segment Palisade Wall x1 |
| 15:23 | OaRMäR · wall_segment Palisade Wall x1 |
| 16:24 | OaRMäR · wall_segment Palisade Wall x1 |
| 17:24 | OaRMäR · wall_segment Palisade Wall x1 |
| 17:25 | OaRMäR · wall_segment Palisade Wall x1 |
| 17:26 | OaRMäR · wall_segment Palisade Wall x1 |
| 17:27 | OaRMäR · wall_segment Palisade Wall x1 |
| 18:08 | papatheocari · wall_segment Palisade Wall x6 |
| 18:19 | papatheocari · first_market_buy 100 food |
| 18:25 | OaRMäR · wall_segment Palisade Wall x1 |
| 18:26 | OaRMäR · wall_segment Palisade Wall x1 |
| 18:26 | OaRMäR · wall_segment Palisade Wall x1 |
| 18:27 | OaRMäR · wall_segment Palisade Wall x1 |
| 19:07 | papatheocari · first_building Stable |
| 20:10 | OaRMäR · wall_segment Palisade Wall x1 |
| 20:10 | OaRMäR · wall_segment Palisade Wall x1 |
| 20:11 | OaRMäR · wall_segment Palisade Wall x1 |
| 20:28 | papatheocari · wall_segment Palisade Wall x1 |
| 21:09 | papatheocari · age_up castle |
| 21:19 | OaRMäR · age_up castle |
| 21:44 | OaRMäR · first_market_buy 100 food |
| 22:03 | OaRMäR · wall_segment Palisade Wall x1 |
| 22:04 | OaRMäR · wall_segment Palisade Wall x1 |
| 22:04 | OaRMäR · wall_segment Palisade Wall x1 |
| 25:28 | papatheocari · first_building Siege Workshop |
| 26:45 | papatheocari · first_building Monastery |
| 27:12 | OaRMäR · wall_segment Palisade Wall x1 |
| 27:12 | OaRMäR · wall_segment Palisade Wall x1 |
| 27:13 | OaRMäR · wall_segment Palisade Wall x1 |
| 27:36 | OaRMäR · first_building Siege Workshop |
| 28:40 | papatheocari · first_market_sell 500 wood |
| 29:09 | papatheocari · first_building Castle |
| 29:36 | OaRMäR · first_building Castle |
| 34:56 | OaRMäR · first_market_sell 100 stone |
| 36:50 | OaRMäR · first_building Archery Range |
| 38:49 | OaRMäR · first_building Monastery |
| 38:57 | OaRMäR · age_up imperial |
| 42:55 | papatheocari · age_up imperial |
| 49:44 | papatheocari · resign |
[ AI ANALYSIS · 1 CREDIT ]
What really happened in this match?
Wolo.gg analyzes every decision: build order, eco, micro, common mistakes by bracket. Personalized analysis on WhatsApp or Discord in 30 seconds.
Civ guide
Tatars
Perfil
Jugador #2106972